3014 views
Uploaded 2019-12-02 19:10:23
Game version 1.32.0.3 / 1.32.0.3.1
8:00 long 3on3 ladder game on (8)Mur'gulOasis_LV
Saved by BEARAND
3014 views
Uploaded 2019-12-02 19:10:23
Game version 1.32.0.3 / 1.32.0.3.1
8:00 long 3on3 ladder game on (8)Mur'gulOasis_LV


/ 0k
48 buildings @ 4.1k
/ 1.7k

| Peasant | 19 | 1425 | / | 0 |
| total: | 19 | 1425g | / | 0w |
| Scout Tower | 7 | 210 | / | 140 |
| Arcane Tower | 3 | 210 | / | 150 |
| Altar of Kings | 1 | 180 | / | 50 |
| Farm | 4 | 320 | / | 80 |
| Arcane Vault | 1 | 130 | / | 30 |
| Lumber Mill | 1 | 120 | / | 0 |
| Keep | 1 | 320 | / | 210 |
| total: | 14 | 960g | / | 300w |
| 0:03 | Peasant |
| 0:03 | Peasant |
| 0:08 | Peasant |
| 0:19 | Altar of Kings |
| 0:25 | Peasant |
| 0:35 | Farm |
| 0:38 | Farm |
| 1:19 | Peasant |
| 1:20 | Peasant |
| 1:22 | Peasant |
| 1:23 | Farm |
| 1:25 | Farm |
| 1:34 | Peasant |
| 2:02 | Peasant |
| 2:06 | Summon Water Elemental |
| 2:58 | Peasant |
| 2:58 | Peasant |
| 2:58 | Peasant |
| 3:11 | Peasant |
| 3:17 | Brilliance Aura |
| 3:21 | Peasant |
| 3:33 | Arcane Vault |
| 3:40 | Keep |
| 4:58 | Scout Tower |
| 4:59 | Scout Tower |
| 5:03 | Scout Tower |
| 5:04 | Scout Tower |
| 5:05 | Scout Tower |
| 5:22 | Scout Tower |
| 5:22 | Scout Tower |
| 5:28 | Arcane Tower |
| 5:41 | Arcane Tower |
| 5:58 | Arcane Tower |
| 6:56 | Peasant |
| 6:57 | Peasant |
| 7:01 | Lumber Mill |
| 7:10 | Peasant |
| 7:10 | Peasant |
| 7:10 | Peasant |
| Right click | 451 |
| Select | 158 |
| Build/train/purchase | 54 |
| Select group | 41 |
| Chat | 14 |
| Assign group | 10 |
| Resource trade | 9 |
| Remove unit | 6 |
| Misc. action | 3 |
| Use ability | 3 |


| Wisp | 18 | 1080 | / | 0 |
| total: | 18 | 1080g | / | 0w |
| Altar of Elders | 1 | 180 | / | 50 |
| Moon Well | 2 | 360 | / | 80 |
| Tree of Life | 4 | 1360 | / | 740 |
| Tree of Ages | 1 | 320 | / | 180 |
| Tree of Eternity | 1 | 330 | / | 200 |
| total: | 7 | 1900g | / | 870w |
| 0:03 | Wisp |
| 0:03 | Wisp |
| 0:04 | Wisp |
| 0:11 | Wisp |
| 0:35 | Wisp |
| 0:38 | Wisp |
| 0:38 | Wisp |
| 1:01 | Altar of Elders |
| 1:06 | Moon Well |
| 1:42 | Tree of Life |
| 1:45 | Wisp |
| 1:45 | Wisp |
| 2:01 | Wisp |
| 2:11 | Wisp |
| 2:15 | Moon Well |
| 2:21 | Wisp |
| 2:40 | Summon Quilbeast |
| 2:48 | Tree of Life |
| 2:52 | Tree of Life |
| 3:20 | Wisp |
| 3:36 | Tree of Ages |
| 4:50 | Tree of Life |
| 6:18 | Summon Bear |
| 7:00 | Entangling Roots |
| 7:12 | Tree of Eternity |
| 7:28 | Wisp |
| 7:28 | Wisp |
| 7:28 | Wisp |
| 7:30 | Wisp |
| 7:33 | Wisp |
| Right click | 410 |
| Select group | 132 |
| Select | 86 |
| Resource trade | 43 |
| Build/train/purchase | 38 |
| Use ability | 23 |
| Chat | 17 |
| Assign group | 7 |
| Misc. action | 7 |
| Esc | 2 |
| Minimap ping | 2 |

| Peasant | 25 | 1875 | / | 0 |
| total: | 25 | 1875g | / | 0w |
| Scout Tower | 21 | 630 | / | 420 |
| Arcane Tower | 3 | 210 | / | 150 |
| Guard Tower | 10 | 700 | / | 500 |
| Altar of Kings | 1 | 180 | / | 50 |
| Lumber Mill | 1 | 120 | / | 0 |
| Farm | 4 | 320 | / | 80 |
| Keep | 1 | 320 | / | 210 |
| total: | 27 | 1250g | / | 550w |
| 0:02 | Peasant |
| 0:04 | Altar of Kings |
| 0:05 | Peasant |
| 0:18 | Lumber Mill |
| 0:20 | Farm |
| 0:21 | Peasant |
| 0:37 | Peasant |
| 0:55 | Peasant |
| 1:13 | Farm |
| 1:16 | Peasant |
| 1:20 | Peasant |
| 1:36 | Peasant |
| 1:50 | Peasant |
| 1:54 | Summon Water Elemental |
| 2:00 | Improved Masonry |
| 2:02 | Peasant |
| 2:12 | Peasant |
| 2:20 | Peasant |
| 2:31 | Peasant |
| 2:41 | Peasant |
| 2:53 | Brilliance Aura |
| 3:11 | Farm |
| 3:13 | Scout Tower |
| 3:18 | Peasant |
| 3:28 | Peasant |
| 3:38 | Arcane Tower |
| 3:54 | Peasant |
| 4:30 | Scout Tower |
| 4:31 | Scout Tower |
| 4:40 | Scout Tower |
| 4:41 | Scout Tower |
| 4:42 | Scout Tower |
| 4:42 | Scout Tower |
| 4:43 | Scout Tower |
| 4:44 | Scout Tower |
| 4:44 | Scout Tower |
| 4:46 | Peasant |
| 4:46 | Peasant |
| 4:46 | Peasant |
| 4:57 | Guard Tower |
| 4:58 | Scout Tower |
| 5:01 | Peasant |
| 5:06 | Scout Tower |
| 5:07 | Scout Tower |
| 5:09 | Guard Tower |
| 5:15 | Peasant |
| 5:22 | Guard Tower |
| 5:30 | Guard Tower |
| 5:31 | Scout Tower |
| 5:32 | Peasant |
| 5:34 | Scout Tower |
| 5:36 | Scout Tower |
| 5:37 | Guard Tower |
| 5:39 | Scout Tower |
| 5:40 | Peasant |
| 5:42 | Scout Tower |
| 5:44 | Scout Tower |
| 5:48 | Arcane Tower |
| 5:49 | Guard Tower |
| 5:51 | Peasant |
| 5:55 | Scout Tower |
| 5:58 | Guard Tower |
| 6:03 | Summon Water Elemental |
| 6:12 | Farm |
| 6:35 | Scout Tower |
| 7:07 | Keep |
| 7:46 | Brilliance Aura |
| Assign group | 477 |
| Right click | 349 |
| Select | 172 |
| Select group | 138 |
| Build/train/purchase | 94 |
| Resource trade | 8 |
| Misc. action | 5 |
| Chat | 5 |
| Use ability | 4 |
30 units @ 3.3k
/ 0.1k
28 buildings @ 4.5k
/ 1.1k

| Rod of Necromancy | 1 | 150 |
| total: | 1 | 150g |
| Acolyte | 5 | 375 | / | 0 |
| Ghoul | 2 | 240 | / | 0 |
| Crypt Fiend | 3 | 645 | / | 120 |
| total: | 10 | 1260g | / | 120w |
| Nerubian Tower | 3 | 300 | / | 60 |
| Spirit Tower | 1 | 145 | / | 40 |
| Ziggurat | 4 | 600 | / | 200 |
| Altar of Darkness | 1 | 180 | / | 50 |
| Tomb of Relics | 1 | 130 | / | 30 |
| Crypt | 2 | 400 | / | 100 |
| Graveyard | 1 | 215 | / | 0 |
| total: | 9 | 1525g | / | 380w |
| 0:14 | Ziggurat |
| 0:17 | Altar of Darkness |
| 0:35 | Tomb of Relics |
| 0:40 | Acolyte |
| 0:43 | Acolyte |
| 0:58 | Acolyte |
| 1:32 | Nerubian Tower |
| 1:34 | Acolyte |
| 1:41 | Ziggurat |
| 2:02 | Crypt |
| 2:11 | Acolyte |
| 2:21 | Ziggurat |
| 2:28 | Rod of Necromancy |
| 2:44 | Graveyard |
| 2:48 | Frost Nova |
| 3:02 | Crypt |
| 3:06 | Ghoul |
| 3:09 | Ghoul |
| 3:19 | Nerubian Tower |
| 3:22 | Nerubian Tower |
| 3:57 | Ziggurat |
| 4:08 | Crypt Fiend |
| 4:15 | Crypt Fiend |
| 4:47 | Crypt Fiend |
| 4:53 | Spirit Tower |
| Select | 67 |
| Right click | 60 |
| Build/train/purchase | 21 |
| Chat | 7 |
| Esc | 5 |
| Use ability | 3 |
| Remove unit | 1 |

| Peasant | 8 | 600 | / | 0 |
| Footman | 8 | 1080 | / | 0 |
| total: | 16 | 1680g | / | 0w |
| Altar of Kings | 1 | 180 | / | 50 |
| Farm | 4 | 320 | / | 80 |
| Barracks | 2 | 320 | / | 120 |
| Blacksmith | 1 | 140 | / | 60 |
| Lumber Mill | 1 | 120 | / | 0 |
| Keep | 1 | 320 | / | 210 |
| total: | 9 | 1080g | / | 310w |
| 0:03 | Peasant |
| 0:04 | Peasant |
| 0:08 | Altar of Kings |
| 0:09 | Farm |
| 0:23 | Peasant |
| 0:23 | Peasant |
| 0:40 | Barracks |
| 0:43 | Barracks |
| 0:56 | Peasant |
| 1:27 | Farm |
| 1:31 | Farm |
| 1:51 | Peasant |
| 1:52 | Footman |
| 2:00 | Footman |
| 2:13 | Holy Light |
| 2:34 | Footman |
| 2:39 | Farm |
| 3:00 | Footman |
| 3:16 | Footman |
| 3:24 | Blacksmith |
| 3:47 | Footman |
| 3:50 | Keep |
| 4:05 | Divine Shield |
| 5:41 | Holy Light |
| 6:01 | Iron Forged Swords |
| 6:06 | Lumber Mill |
| 6:11 | Peasant |
| 6:11 | Peasant |
| 6:13 | Footman |
| 6:13 | Footman |
| Right click | 132 |
| Select | 77 |
| Select group | 27 |
| Build/train/purchase | 23 |
| Chat | 13 |
| Assign group | 9 |
| Use ability | 7 |
| Esc | 2 |

| Acolyte | 2 | 150 | / | 0 |
| Ghoul | 2 | 240 | / | 0 |
| total: | 4 | 390g | / | 0w |
| Nerubian Tower | 1 | 100 | / | 20 |
| Ziggurat | 3 | 450 | / | 150 |
| Altar of Darkness | 1 | 180 | / | 50 |
| Crypt | 5 | 1000 | / | 250 |
| Graveyard | 1 | 215 | / | 0 |
| total: | 10 | 1845g | / | 450w |
| 0:05 | Acolyte |
| 0:05 | Acolyte |
| 0:09 | Ziggurat |
| 0:11 | Altar of Darkness |
| 0:38 | Crypt |
| 0:42 | Crypt |
| 0:44 | Crypt |
| 0:45 | Crypt |
| 1:00 | Nerubian Tower |
| 1:21 | Crypt |
| 1:45 | Ghoul |
| 2:17 | Graveyard |
| 2:26 | Frost Nova |
| 2:29 | Ghoul |
| 3:35 | Ziggurat |
| 4:14 | Creature Attack |
| 4:20 | Ziggurat |
| 5:14 | Frost Armor |
| Right click | 267 |
| Select | 97 |
| Misc. action | 31 |
| Build/train/purchase | 10 |
| Use ability | 4 |
| Minimap ping | 1 |
โ